 Dungeon Crawl Stone Soup version 0.23.0-3-gf3c87f2 (webtiles) character file.

Game seed: 5801154377186949662

35836 Lanoc the Carver (level 13, -13/103 HPs)
             Began as a Vampire Berserker on Feb 23, 2019.
             Was a High Priest of Trog.
             Killed from afar by a fire giant (50 damage)
             ... with a fireball
             ... on level 15 of the Dungeon.
             The game lasted 00:54:05 (13289 turns).

Lanoc the Carver (Vampire Berserker)               Turns: 13289, Time: 00:54:06

Health: -13/103    AC: 23    Str: 19    XL:     13   Next: 49%
Magic:  11/13      EV: 17    Int: 14    God:    Trog [*****.]
Gold:   462        SH:  5    Dex: 15    Spells: 12/12 levels left

rFire    . . .     SeeInvis +   L - +3 demon blade (venom)
rCold    . . .     Gourm    .   z - +0 buckler
rNeg     + + .     Faith    .   U - +5 scale mail "Fagen" {MR+ SInv}
rPois    .         Spirit   .   i - +2 helmet of Foolhardiness {rElec rN+ MR- Int+4}
rElec    +         Reflect  .   p - +2 cloak
rCorr    +         Harm     .   (no gloves)
MR       +....                  K - +2 pair of boots {run}
Stlth    ..........             o - amulet of regeneration
HPRegen  0.87/turn              C - ring of resist corrosion
MPRegen  0.13/turn              j - ring of positive energy

@: regenerating quickly, quick
A: rotting body, fangs 3, see invisible, unbreathing
a: Berserk, Trog's Hand, Brothers in Arms, Renounce Religion


You were on level 15 of the Dungeon.
You worshipped Trog.
Trog was extremely pleased with you.
You were full.

You visited 2 branches of the dungeon, and saw 16 of its levels.
You visited 1 bazaar.
You also visited: Gauntlet.

You collected 1718 gold pieces.
You spent 1256 gold pieces at shops.

Inventory:

Hand Weapons
 L - a +3 demon blade of venom (weapon)
Missiles
 w - a throwing net (quivered)
Armour
 i - the +2 helmet of Foolhardiness (worn) {rElec rN+ MR- Int+4}
   (You found it in a Gauntlet)

   It affects your intelligence (+4).
   It insulates you from electricity.
   It protects you from negative energy.
   It affects your resistance to hostile enchantments.
 p - a +2 cloak (worn)
 z - a +0 buckler (worn)
 J - a +0 hat of magic resistance
 K - a +2 pair of boots of running (worn)
 U - the +5 scale mail "Fagen" (worn) {MR+ SInv}
   (You found it on level 15 of the Dungeon)

   It affects your resistance to hostile enchantments.
   It lets you see invisible.
Jewellery
 j - a ring of positive energy (right hand)
 o - an amulet of regeneration (around neck)
 C - a ring of resist corrosion (left hand)
 P - an uncursed ring of poison resistance
 T - the amulet of the Snail {+Rage +Fly rC+}
   (You acquired it on level 15 of the Dungeon)

   [amulet of rage]

   It protects you from cold.
   It lets you fly.
   It lets you go berserk.
Wands
 b - a wand of scattershot (5)
 u - a wand of random effects (23)
 v - a wand of digging (4)
 y - a wand of iceblast (3)
 A - a wand of acid (6)
 B - a wand of flame (37)
 D - a wand of paralysis (39)
 Q - a wand of disintegration (8)
 S - a wand of polymorph (9)
Scrolls
 a - 3 scrolls of enchant weapon {unknown}
 e - 7 scrolls of teleportation
 f - a scroll of holy word {unknown}
 h - 8 scrolls of remove curse
 k - a scroll of immolation {unknown}
 l - a scroll of blinking {unknown}
 m - a scroll of torment
 s - 2 scrolls of magic mapping
 t - 2 scrolls of enchant armour
 H - 4 scrolls of fog
 O - 3 scrolls of brand weapon {unknown}
 R - a scroll of fear
Potions
 c - 21 potions of blood
 d - 3 potions of brilliance
 g - 2 potions of magic
 n - a potion of flight
 q - 4 potions of curing
 r - 3 potions of heal wounds
 x - 2 potions of mutation
 E - a potion of lignification
 F - 5 potions of haste
 G - a potion of resistance
Miscellaneous
 I - a lamp of fire
 N - a sack of spiders


   Skills:
 + Level 10.0 Fighting
 * Level 14.4 Long Blades
 + Level 8.9 Armour
 + Level 11.4 Dodging
 - Level 4.0 Shields


You had 12 spell levels left.
You didn't know any spells.
Your spell library was empty.

Dungeon Overview and Level Annotations

Branches:
Dungeon (15/15)            Temple (1/1) D:5            Lair (0/6) D:10
    Orc (0/2) D:11         Vaults (0/5) D:14         Depths (0/5) D:15

Altars:
Fedhas
Hepliaklqana
Kikubaaqudgha
Makhleb
Nemelex Xobeh
Qazlal
Sif Muna
Vehumet
Xom
Zin

Shops:
D:13 *

Annotations:
D:15 Roxanne


Innate Abilities, Weirdness & Mutations

Your body is rotting away.
You thrive on raw meat.
Your natural rate of healing is unusually fast.
You have razor-sharp teeth.
You have supernaturally acute eyesight. (SInv)
You can survive without breathing.


Message History

The bullfrog is almost dead.
Number of times to repeat, then command key: You must enter the number of times for the command to repeat.
You hit the bullfrog.
You kill the bullfrog!
Trog accepts your kill.
The fire giant gestures at you while chanting.
The fireball explodes!
The fireball engulfs you! The fire giant casts a spell at you.
The fireball explodes!
The fireball engulfs you!!!
Ouch! That really hurt!
The fire giant points at you and mumbles some strange words.
The fireball explodes!
The fireball engulfs you!!!
You die...

###......####..#
*...# ### #
.......### #.^##
*...# # ####...#
#...###...###########
#...#
##..##)......$.......
#...#
##.##.#.........##.#
*,,,*
#......§..≈..≈.,#[#
*,,,*
#.##..≈≈≈≈.≈§≈≈,..#
*****
#.##.§≈#≈≈§.≈#≈§§.#
#.@.)§≈≈≈≈§§≈≈§§§.#
###.!≈≈≈C.§.,§§§..#
#...#§≈.>.≈≈#.§.#
##.≈≈≈...§,≈≈≈,,*
#..≈≈≈.≈§≈≈≈,,,*
#(≈§#≈≈≈≈≈*≈≈,,*
#..§≈§≈#≈≈≈≈,,,*
*#.§§§≈.≈,≈,,,,*
**,,,,,,,,,,,**


You could see a fire giant.

Vanquished Creatures
  Gastronok (D:10)
  A very ugly thing (D:15)
  A minotaur (Gauntlet)
  The ghost of Graouh the Basher, a journeyman MiFi of Okawaru (D:13)
  A yaktaur captain (D:14)
  Harold (D:9)
  A hydra (D:13)
  2 catoblepae (D:14)
  3 two-headed ogres
  2 centaur warriors (D:15)
  8 slime creatures
  4 unseen horrors
  Pikel (D:9)
  A cyclops (D:15)
  A cyclops (shapeshifter) (Gauntlet)
  11 ugly things
  2 centaur zombies (D:14)
  A smoke demon (Gauntlet)
  A gargoyle (D:14)
  4 kobold demonologists (D:13)
  2 yaktaurs (D:14)
  2 trolls (D:10)
  A tengu conjurer (D:15)
  2 hornets (D:8)
  A meliai zombie (D:14)
  3 hippogriffs
  5 flying skulls (Gauntlet)
  A centaur simulacrum (D:15)
  Eustachio (D:4)
  2 shadows
  4 wyverns
  A vampire (D:10)
  5 yaks (D:11)
  A wraith (D:14)
  2 hungry ghosts
  3 steam dragons
  Duvessa (D:6)
  8 sky beasts
  An orc warrior (D:11)
  A slave (D:9)
  A black bear (D:11)
  A hornet zombie (D:9)
  2 ice beasts
  10 ogres
  3 phantoms
  10 centaurs
  An ogre (shapeshifter) (Gauntlet)
  9 big kobolds
  6 bullfrogs
  Dowan (D:6)
  2 wyvern skeletons
  4 scorpions
  9 killer bees (D:9)
  4 wights (D:14)
  2 howler monkeys (D:12)
  4 crimson imps
  3 bullfrog zombies
  A quasit (D:7)
  4 hounds
  7 orc priests
  3 jellies
  2 bullfrog skeletons
  A centaur skeleton (D:7)
  6 iguanas
  9 orc wizards
  Jessica (D:3)
  Ijyb (D:4)
  14 worker ants
  A hound zombie (D:5)
  A howler monkey zombie (D:7)
  A worker ant zombie (D:11)
  Robin (D:4)
  13 gnolls
  14 adders
  An adder (shapeshifter) (Gauntlet)
  4 shadow imps
  4 oozes
  3 adder skeletons
  An adder zombie (D:8)
  2 worms
  2 dart slugs
  5 leopard geckos
  55 orcs
  A ball python (D:3)
  4 giant cockroaches
  12 hobgoblins
  10 jackals
  18 kobolds
  4 quokkas
  4 bats
  3 frilled lizards
  5 goblins
  4 rats
389 creatures vanquished.

Vanquished Creatures (others)
  A bullfrog (D:15)
  2 fungi (D:13)
  2 plants (D:13)
5 creatures vanquished.

Grand Total: 394 creatures vanquished

Notes
Turn   | Place    | Note
-------+----------+-------------------------------------------
     0 | D:1      | Lanoc the Vampire Berserker began the quest for the Orb.
     0 | D:1      | Reached XP level 1. HP: 17/17 MP: 1/1
   722 | D:2      | Reached XP level 2. HP: 21/23 MP: 2/2
   733 | D:2      | Reached XP level 3. HP: 26/28 MP: 3/3
   929 | D:2      | Reached ** piety under Trog
   956 | D:2      | Found a deep blue altar of Sif Muna.
   957 | D:2      | Found a glowing silver altar of Zin.
  1050 | D:2      | Found a faded altar of an unknown god.
  1310 | D:3      | Reached XP level 4. HP: 35/35 MP: 4/4
  1315 | D:3      | Reached skill level 4 in Long Blades
  1439 | D:3      | Reached XP level 5. HP: 41/41 MP: 5/5
  1626 | D:3      | Noticed a centaur
  1633 | D:3      | Killed a centaur
  1636 | D:3      | Reached XP level 6. HP: 47/47 MP: 6/6
  1699 | D:3      | Reached *** piety under Trog
  1699 | D:3      | Reached skill level 5 in Long Blades
  1788 | D:3      | Noticed Jessica
  1796 | D:3      | Killed Jessica
  2214 | D:4      | Reached XP level 7. HP: 54/54 MP: 7/7
  2320 | D:4      | Noticed Ijyb
  2329 | D:4      | Killed Ijyb
  2400 | D:4      | Reached skill level 6 in Long Blades
  2747 | D:4      | Noticed Eustachio
  2806 | D:4      | Killed Eustachio
  2806 | D:4      | Reached skill level 5 in Dodging
  2806 | D:4      | Reached XP level 8. HP: 61/61 MP: 8/8
  2869 | D:4      | Noticed Robin
  2876 | D:4      | Killed Robin
  2968 | D:5      | Entered Level 5 of the Dungeon
  2989 | D:5      | Found a blossoming altar of Fedhas.
  3046 | D:5      | Reached skill level 7 in Long Blades
  3063 | D:5      | Reached **** piety under Trog
  3164 | D:5      | Reached skill level 5 in Fighting
  3471 | D:5      | Found a sparkling altar of Nemelex Xobeh.
  3615 | D:5      | Found a staircase to the Ecumenical Temple.
  3624 | Temple   | Entered the Ecumenical Temple
  4072 | D:6      | Reached skill level 8 in Long Blades
  4160 | D:6      | Reached XP level 9. HP: 49/68 MP: 9/9
  4168 | D:6      | Noticed Duvessa
  4169 | D:6      | Noticed Dowan
  4178 | D:6      | Killed Duvessa
  4182 | D:6      | Killed Dowan
  4803 | D:7      | Reached skill level 5 in Armour
  4978 | D:7      | Identified the +1 robe "Ihicyesk" {rF+ Stlth+}
  4995 | D:7      | Reached ***** piety under Trog
  5246 | D:7      | Reached skill level 9 in Long Blades
  5629 | D:8      | Paralysed by a hornet for 2 turns
  6206 | D:8      | Reached XP level 10. HP: 55/77 MP: 10/10
  6428 | D:9      | Noticed Harold
  6445 | D:9      | Killed Harold
  6445 | D:9      | Reached skill level 10 in Long Blades
  6891 | D:9      | Found a radiant altar of Vehumet.
  6891 | D:9      | Found a hazy altar of Hepliaklqana.
  6891 | D:9      | Found a shimmering altar of Xom.
  6891 | D:9      | Found an ancient bone altar of Kikubaaqudgha.
  6898 | D:9      | Found a stormy altar of Qazlal.
  6898 | D:9      | Found a burning altar of Makhleb.
  7056 | D:9      | Noticed Pikel
  7083 | D:9      | Killed Pikel
  7591 | D:10     | Entered Level 10 of the Dungeon
  7649 | D:10     | Reached skill level 1 in Shields
  7671 | D:10     | Found a staircase to the Lair.
  7884 | D:10     | Noticed a two-headed ogre
  7894 | D:10     | Killed a two-headed ogre
  7894 | D:10     | Reached skill level 11 in Long Blades
  7894 | D:10     | Reached XP level 11. HP: 55/84 MP: 11/11
  7937 | D:10     | Noticed a two-headed ogre
  7950 | D:10     | Killed a two-headed ogre
  8056 | D:10     | Noticed Gastronok
  8079 | D:10     | Killed Gastronok
  8307 | D:11     | Found a staircase to the Orcish Mines.
  8354 | D:11     | Noticed a cyan ugly thing
  8560 | D:11     | Reached ****** piety under Trog
  8582 | D:11     | Noticed a white ugly thing
  8596 | D:11     | Killed a cyan ugly thing
  8644 | D:11     | Killed a white ugly thing
  8770 | D:11     | Received a gift from Trog
  9126 | D:12     | Noticed a cyan ugly thing
  9165 | D:12     | Reached skill level 12 in Long Blades
  9200 | D:12     | Found a gate leading to a gauntlet.
  9242 | Gauntlet | Entered a Gauntlet
  9242 | Gauntlet | Found a transporter.
  9242 | Gauntlet | Found a transporter.
  9242 | Gauntlet | Found a transporter.
  9256 | Gauntlet | Found a transporter.
  9259 | Gauntlet | Found a transporter.
  9267 | Gauntlet | Found a transporter.
  9271 | Gauntlet | Found a transporter.
  9274 | Gauntlet | Noticed a fire crab
  9278 | Gauntlet | Found a transporter.
  9292 | Gauntlet | Found a large runed translucent door.
  9293 | Gauntlet | Found a large runed translucent door.
  9294 | Gauntlet | Found a large runed translucent door.
  9294 | Gauntlet | Found a large runed translucent door.
  9295 | Gauntlet | Found a runed translucent gate.
  9295 | Gauntlet | Noticed a death drake
  9295 | Gauntlet | Noticed a mana viper
  9295 | Gauntlet | a death drake changed into a mana viper
  9296 | Gauntlet | Found a transporter.
  9296 | Gauntlet | Found a runed translucent gate.
  9297 | Gauntlet | Found a large runed translucent door.
  9297 | Gauntlet | Found a large runed translucent door.
  9297 | Gauntlet | Found a runed translucent door.
  9298 | Gauntlet | Found a large runed translucent door.
  9299 | Gauntlet | Found a large runed translucent door.
  9301 | Gauntlet | Found a transporter.
  9304 | Gauntlet | Found a transporter.
  9306 | Gauntlet | a mana viper changed into a salamander
  9307 | Gauntlet | Noticed a swamp dragon
  9307 | Gauntlet | a salamander changed into a swamp dragon
  9313 | Gauntlet | Noticed a queen ant
  9314 | Gauntlet | Found a transporter.
  9317 | Gauntlet | Found a runed translucent door.
  9321 | Gauntlet | Found a runed translucent gate.
  9332 | Gauntlet | Found a large runed translucent door.
  9332 | Gauntlet | Found a large runed translucent door.
  9333 | Gauntlet | Found a large runed translucent door.
  9334 | Gauntlet | Found a large runed translucent door.
  9343 | Gauntlet | Found a large runed translucent door.
  9343 | Gauntlet | Found a large runed translucent door.
  9344 | Gauntlet | Found a large runed translucent door.
  9345 | Gauntlet | Found a large runed translucent door.
  9486 | Gauntlet | Got a jet-encrusted plate armour
  9490 | Gauntlet | Got an ancient scale mail
  9504 | Gauntlet | Identified the +3 scale mail "Oddoithri" {*Contam rElec
                  | Str+9} (You found it in a Gauntlet)
  9514 | Gauntlet | Identified the +1 plate armour "Ziek" {rElec Str+3} (You
                  | found it in a Gauntlet)
  9523 | Gauntlet | Noticed a lindwurm
  9531 | Gauntlet | a lindwurm changed into a cyclops
  9541 | Gauntlet | Got an ancient helmet
  9559 | Gauntlet | Identified the +2 helmet of Foolhardiness {rElec rN+ MR-
                  | Int+4} (You found it in a Gauntlet)
  9608 | Gauntlet | Noticed a minotaur
  9619 | Gauntlet | Killed a minotaur
  9619 | Gauntlet | Reached XP level 12. HP: 94/94 MP: 12/12
  9627 | Gauntlet | Identified the Guide on Snow and Attacks
 10324 | D:13     | Noticed a two-headed ogre
 10330 | D:13     | Killed a two-headed ogre
 10330 | D:13     | Reached skill level 10 in Dodging
 10510 | D:13     | Found Pegiheam's Assorted Antiques.
 10515 | D:13     | Bought a scroll labeled FAIQIX LUGI for 22 gold pieces
 10515 | D:13     | Bought a scroll of identify for 44 gold pieces
 10848 | D:13     | Found a runed translucent gate.
 10848 | D:13     | Found a runed translucent gate.
 10848 | D:13     | Found a runed translucent gate.
 10850 | D:13     | Noticed Graouh's ghost (journeyman MiFi)
 10860 | D:13     | Noticed a five-headed hydra
 10874 | D:13     | Killed a five-headed hydra
 11146 | D:13     | Killed Graouh's ghost
 11146 | D:13     | Received a gift from Trog
 11146 | D:13     | Reached skill level 13 in Long Blades
 11274 | D:14     | Found a gate to the Vaults.
 11275 | D:14     | Noticed a yaktaur captain
 11435 | D:14     | Killed a yaktaur captain
 11534 | D:14     | Noticed a catoblepas
 11542 | D:14     | Killed a catoblepas
 11823 | D:14     | Noticed a catoblepas
 11831 | D:14     | Killed a catoblepas
 11989 | D:14     | Found a burning altar of Makhleb.
 12082 | D:14     | Reached XP level 13. HP: 101/101 MP: 13/13
 12275 | D:15     | Entered Level 15 of the Dungeon
 12326 | D:15     | Identified Roxanne's Incunabulum of Earth
 12326 | D:15     | Noticed Roxanne
 12345 | D:15     | Reached skill level 14 in Long Blades
 12438 | D:15     | Found a flickering gateway to a bazaar.
 12446 | Bazaar   | Entered a bazaar
 12519 | Bazaar   | Found Irorir's Antique Weapon Shoppe.
 12527 | Bazaar   | Found Fiuwameub's Gadget Shoppe.
 12538 | Bazaar   | Found Akip's General Store.
 12549 | Bazaar   | Found Perolo's Antique Armour Emporium.
 12557 | Bazaar   | Found Uremurr's Magic Scroll Emporium.
 12575 | Bazaar   | Bought a scroll of acquirement for 520 gold pieces
 12587 | Bazaar   | Bought a scroll of acquirement for 520 gold pieces
 12651 | Bazaar   | Bought a scroll of identify for 20 gold pieces
 12651 | Bazaar   | Bought a scroll of identify for 20 gold pieces
 12651 | Bazaar   | Bought a scroll of identify for 20 gold pieces
 12651 | Bazaar   | Bought 3 scrolls of teleportation for 90 gold pieces
 12730 | D:15     | Got a scorched ivory amulet
 12732 | D:15     | Identified the amulet of the Snail {+Rage +Fly rC+} (You
                  | acquired it on level 15 of the Dungeon)
 12743 | D:15     | Identified a +2 pair of boots of running (You acquired it
                  | on level 15 of the Dungeon)
 12873 | D:15     | Got a polished scale mail
 12884 | D:15     | Identified the +5 scale mail "Fagen" {MR+ SInv} (You found
                  | it on level 15 of the Dungeon)
 12909 | D:15     | Found a staircase to the Depths.
 12909 | D:15     | Noticed a fire giant
 12946 | D:15     | Noticed a green very ugly thing
 12964 | D:15     | Killed a green very ugly thing
 12964 | D:15     | Reached skill level 10 in Fighting
 13217 | D:15     | Received a gift from Trog
 13289 | D:15     | Killed from afar by a fire giant

Skill      XL: |  1  2  3  4  5  6  7  8  9 10 11 12 13 |
---------------+----------------------------------------+-----
Fighting       | 3 4 5 6 7 8 9 10 | 10.0
Armour         | 2 3 4 5 6 7 8 |  8.9
Long Blades    | 4 5 6 8 9 11 12 13 14 | 14.4
Dodging        | 3 4 5 6 7 8 9 10 11 | 11.4
Shields        | 1 4 |  4.0

Action                   |  1- 3 |  4- 6 |  7- 9 | 10-12 | 13-15 || total
-------------------------+-------+-------+-------+-------+-------++-------
Melee: Falchion          |    77 |   100 |   439 |       |       ||   616
       Bite              |    13 |    11 |    82 |   106 |    35 ||   247
       Long sword        |       |       |    74 |   263 |       ||   337
       Demon blade       |       |       |       |   344 |   167 ||   511
Throw: Throwing net      |       |       |       |     1 |       ||     1
Invok: Berserk           |     3 |     5 |    14 |    19 |     2 ||    43
Evoke: Wand              |       |       |       |     6 |     1 ||     7
       Sack of spiders   |       |       |       |     2 |       ||     2
  Use: Potion            |     7 |    11 |    33 |    57 |     7 ||   115
       Scroll            |       |       |     9 |    11 |     8 ||    28
 Stab: Sleeping          |       |       |     2 |     1 |       ||     3
Armor: Animal skin       |    14 |    30 |    91 |    57 |       ||   192
       Plate armour      |       |       |       |    76 |    70 ||   146
       Scale mail        |       |       |       |       |     2 ||     2
Dodge: Dodged            |    56 |    69 |   378 |   399 |    55 ||   957
Block: Buckler           |       |       |       |    93 |    26 ||   119
       Rpst.: Falchion   |    22 |    23 |    92 |       |       ||   137
       Long sword        |       |       |     8 |    60 |       ||    68
       Demon blade       |       |       |       |    58 |    16 ||    74
